 Dungeon Crawl Stone Soup version 0.30-a0-568-g124715a40b (webtiles) character file.

Game seed: 8047476748845789187

13310 billz999 the Fighter (level 12, -6/93 HPs)
             Began as a Djinni Fire Elementalist on Dec 29, 2022.
             Was an Elder of Nemelex Xobeh.
             Killed from afar by an ice dragon (63 damage)
             ... with a blast of cold
             ... on level 11 of the Dungeon.
             The game lasted 00:32:53 (14266 turns).

billz999 the Fighter (Djinni Fire Elementalist)    Turns: 14266, Time: 00:32:53

Health: -6/93      AC:  3    Str: 13    XL:     12   Next: 31%
Gold:   784        EV: 12    Int: 22    God:    Nemelex Xobeh [****..] SH:  7 Dex: 17

rFire   + + +      SeeInvis .    j - +0 hand axe (elec)
rCold   x . .      Faith    .    y - +2 buckler
rNeg    + . .      Spirit   .    a - +0 robe
rPois   ∞          Reflect  .    (no helmet)
rElec   .          Harm     .    (no cloak)
rCorr   .          Rampage  .    J - +0 pair of gloves
Will    ++...                    (boots unavailable)
Stlth   ++                       (no amulet)
HPRegen 0.35/turn                f - +6 ring of strength
MPRegen 0.00/turn                d - ring "Cupaon" {rF+ rN+ Will+ Dex+3}

@: about to teleport, flying
A: sickness immunity, fire resistance 2, cold vulnerability 1, float, innate
caster, HP casting, extra vitality 1
a: Renounce Religion, Draw Escape, Draw Destruction, Draw Summoning, Triple
Draw, Deal Four


You were on level 11 of the Dungeon.
You worshipped Nemelex Xobeh.
Nemelex Xobeh was greatly pleased with you.
You visited 1 branch of the dungeon, and saw 11 of its levels.

You collected 784 gold pieces.

Inventory:

Hand Weapons
 c - a +0 spear
 j - a +0 hand axe of electrocution (weapon)
Armour
 a - a +0 robe (worn)
 y - a +2 buckler (worn)
 J - a +0 pair of gloves (worn)
Jewellery
 d - the ring "Cupaon" (right hand) {rF+ rN+ Will+ Dex+3}
   (You found it on level 5 of the Dungeon)

   [ring of protection from fire]

   Dex:       It affects your dexterity (+3).
   rF:        It protects you from fire.
   rN:        It protects you from negative energy.
   Will:      It increases your willpower.
 f - a +6 ring of strength (left hand)
 t - a +4 ring of protection
 N - a +4 ring of slaying
Wands
 o - a wand of mindburst (9)
 w - a wand of flame (30)
 x - a wand of roots (20)
 z - a wand of charming (4)
Scrolls
 k - 3 scrolls of noise
 l - 11 scrolls of teleportation
 m - 2 scrolls of enchant armour
 n - 9 scrolls of identify
 r - a scroll of poison
 s - a scroll of brand weapon
 v - 2 scrolls of blinking
 A - 2 scrolls of silence
 B - 2 scrolls of enchant weapon
 C - 2 scrolls of fog
 D - 2 scrolls of amnesia
 H - a scroll of immolation
 K - a scroll of fear {unknown}
 M - a scroll of summoning {unknown}
Potions
 b - 2 potions of magic
 e - 7 potions of curing
 g - 2 potions of mutation {unknown}
 h - 4 potions of attraction
 i - 2 potions of degeneration {unknown}
 p - 3 potions of flight {unknown}
 q - 4 potions of haste {unknown}
 u - 3 potions of brilliance {unknown}
 E - a potion of ambrosia {unknown}
 F - a potion of lignification {unknown}
 G - a potion of heal wounds
 I - 2 potions of might
 L - a potion of berserk rage {unknown}


   Skills:
 - Level 10.9 Fighting
 - Level 2.8(6.8) Axes
 * Level 9.8(10.0) Polearms
 - Level 2.2 Dodging
 - Level 1.6 Stealth
 - Level 4.0 Shields
 - Level 6.0 Spellcasting
 - Level 5.0 Invocations


You couldn't memorise any spells.
You knew the following spells:

 Your Spells              Type           Power      Damage    Failure   Level
a - Foxfire               Conj/Fire      100%       2x1d9     1%          1
b - Scorch                Fire           66%        2d8       1%          2
c - Kindle Blastsparks    Fire/Tloc/Air  66%        2d15      3%          3
d - Inner Flame           Hex/Fire       33%        N/A       3%          3
e - Flame Wave            Conj/Fire      33%        2d10      10%         4
f - Shock                 Conj/Air       100%       1d9       1%          1
g - Call Imp              Summ           33%        N/A       1%          2
h - Confusing Touch       Hex            33%        N/A       3%          3
i - Gell's Gravitas       Tloc           33%        N/A       3%          3
j - Anguish               Hex/Necr       16%        N/A       10%         4
Your spell library was empty.

Dungeon Overview and Level Annotations

Branches:
Dungeon (11/15)            Temple (0/1) D:5            Lair (0/5) D:11
    Orc: D:9-12

Altars:
Cheibriados
Dithmenos
Elyvilon
Fedhas
Gozag
Nemelex Xobeh
Okawaru
Ru
Wu Jian
Xom
Yredelemnul
Zin
The Shining One

Shops:
D:2 :   D:3 *   D:6 =   D:7 *   D:11 ?


Innate Abilities, Weirdness & Mutations

You are immune to sickness and miasma.
You are immune to poison.
Your flesh is very heat resistant. (rF++)
You are vulnerable to cold. (rC-)
You float through the air rather than walking.
You learn spells naturally, not from books.
Your magical power is your life essence.
You have superior vitality. (+4 MHP)


Message History

The zap hits the yak.
Flame seeps out of the yak.
The yak is lightly wounded.
The zap hits the yak.
Flame seeps out of the yak.
The yak is lightly wounded.
The zap hits the ice dragon.
The ice dragon is lightly wounded.
The zap hits the yak.
The yak is lightly wounded.
The yak is engulfed in blazing flames.
Flame seeps out of the yak.
You block the yak's attack.
The yak is engulfed in blazing flames.
Flame seeps out of the yak.
Casting: Shock (safe; 1% risk of failure)
Confirm with . or Enter, or press ? or * to list all spells.
Okay, then.
Casting: Shock (safe; 1% risk of failure)
Confirm with . or Enter, or press ? or * to list all spells.
Okay, then.
Casting: Shock (safe; 1% risk of failure)
Confirm with . or Enter, or press ? or * to list all spells.
A cloud of volatile blastsparks flares up around you!
The yak is engulfed in blazing flames.
Flame seeps out of the yak.
The yak gores you!
The yak is engulfed in blazing flames.
Flame seeps out of the yak.
You feel a bit more experienced.
You hear an explosion!
The cloud of blastsparks explodes!
The concussive blast engulfs you. You resist.
You are knocked back by the blast.
You feel a bit more experienced.
You hear an explosion!
You hear a bellow!
You start resting.
An ice dragon is nearby!
Casting: Kindle Blastsparks (mildly dangerous; 3% risk of failure)
Confirm with . or Enter, or press ? or * to list all spells.
Okay, then.
As you read the scroll of teleportation, it crumbles to dust.
You feel strangely unstable. The ice dragon breathes frost at you.
The blast of cold hits you!!!
You feel a terrible chill!
Ouch! That really hurt!
You die...
Your body glows slightly and disappears.

...........#...###.#.#
...........#....##.#.#
#####....###..∩.##.#.#
#######.....##.#.# #
#####.###.#.##
...#.####...#.# #....#
...YDYY#.#....# ###..#
#.###Y#######..#
####..D..@.....#
#####.[#######.##
#######....### #.#
...........## #.#
............# #.#####
............# #.....#
....#.#####.####
#..##.#
.####>.........#####..#
.#######....##.#......#


You could see an ice dragon (catching breath) and a yak.

Vanquished Creatures
  3 two-headed ogres
  A wizard (D:10)
  A gargoyle (D:10)
  An unseen horror (D:11)
  A komodo dragon (D:9)
  A kobold demonologist (D:10)
  2 trolls
  2 polar bears (D:11)
  A vampire (D:11)
  A wraith (D:11)
  26 yaks
  2 vampire mosquitoes (D:10)
  A steam dragon (D:7)
  Menkaure (D:6)
  An acid dragon (D:9)
  A water moccasin (D:8)
  3 ice beasts
  2 sky beasts
  A black bear (D:6)
  An ogre (D:5)
  2 orc warriors
  2 centaurs
  A wolf (D:11)
  4 kobold brigands
  A bullfrog (D:7)
  4 scorpions
  2 necrophages
  13 wights
  7 killer bees (D:9)
  5 electric eels (D:11)
  5 howler monkeys
  2 hounds
  2 orc priests
  3 jellies
  2 gnoll boudas
  6 iguanas
  7 orc wizards
  20 gnolls
  8 adders
  A shadow imp (D:6)
  3 white imps (D:8)
  4 worms
  5 dart slugs
  21 orcs
  9 bats
  7 endoplasms
  6 goblins
  7 hobgoblins
  2 jackals
  23 kobolds
  4 quokkas
  8 ball pythons
  10 frilled lizards
  9 rats
268 creatures vanquished.

Vanquished Creatures (collateral kills)
  An orc warrior (D:7)
  2 scorpions
  An orc priest (D:6)
  A hound (D:7)
  An orc wizard (D:8)
  An adder (D:2)
  A worm (D:2)
  A dart slug (D:2)
  5 orcs
  2 jackals (D:4)
  2 kobolds (D:9)
  2 rats (D:2)
20 creatures vanquished.

Vanquished Creatures (others)
  A human (D:9)
  272 foxfires
  5 plants (D:9)
278 creatures vanquished.

Grand Total: 566 creatures vanquished

Notes
Turn   | Place    | Note
-------+----------+-------------------------------------------
     0 | D:1      | billz999 the Djinni Fire Elementalist began the quest for
                  | the Orb.
     0 | D:1      | billz999 set off with the following spells memorised:
                  | Foxfire, Scorch, Kindle Blastsparks, Inner Flame, Flame
                  | Wave.
     0 | D:1      | Reached XP level 1. HP: 15/15 MP: 0/0
   108 | D:1      | Reached XP level 2. HP: 20/21 MP: 0/0
   356 | D:1      | Reached XP level 3. HP: 11/25 MP: 0/0
   356 | D:1      | Learned a level 1 spell: Shock
   593 | D:1      | Found a faded altar of an unknown god.
   603 | D:1      | Prayed at the altar of an unknown god.
   603 | D:1      | Became a worshipper of Nemelex Xobeh the Trickster
   603 | D:1      | Reached * piety under Nemelex Xobeh
   816 | D:2      | Received a gift from Nemelex Xobeh
   892 | D:2      | Reached XP level 4. HP: 6/31 MP: 0/0
  1026 | D:2      | Reached skill level 1 in Axes
  1068 | D:2      | Reached skill level 1 in Fighting
  1302 | D:2      | Found Sech's Book Emporium.
  1569 | D:2      | Reached XP level 5. HP: 34/37 MP: 0/0
  1569 | D:2      | Learned a level 2 spell: Call Imp
  2008 | D:3      | Found a sacrificial altar of Ru.
  2118 | D:3      | Reached skill level 2 in Fighting
  2131 | D:3      | Received a gift from Nemelex Xobeh
  2147 | D:3      | Found an ornate altar of the Wu Jian Council.
  2253 | D:3      | Reached XP level 6. HP: 41/43 MP: 0/0
  2262 | D:3      | Found Keohihi's General Store.
  2344 | D:3      | Found a basalt altar of Yredelemnul.
  2453 | D:3      | Reached ** piety under Nemelex Xobeh
  2642 | D:3      | Found a glowing golden altar of the Shining One.
  2645 | D:3      | Found a sparkling altar of Nemelex Xobeh.
  2655 | D:3      | Reached skill level 3 in Fighting
  3080 | D:4      | Received a gift from Nemelex Xobeh
  3159 | D:4      | Found a shadowy altar of Dithmenos.
  3457 | D:4      | Received a gift from Nemelex Xobeh
  3577 | D:4      | Reached *** piety under Nemelex Xobeh
  4248 | D:5      | Entered Level 5 of the Dungeon
  4271 | D:4      | Reached skill level 1 in Invocations
  4399 | D:5      | Reached XP level 7. HP: 47/50 MP: 0/0
  4399 | D:5      | Learned a level 3 spell: Confusing Touch
  4520 | D:5      | Found a staircase to the Ecumenical Temple.
  4569 | D:5      | Found a snail-covered altar of Cheibriados.
  4663 | D:5      | Identified the ring "Cupaon" {rF+ rN+ Will+ Dex+3}
  4983 | D:5      | Reached XP level 8. HP: 48/56 MP: 0/0
  5145 | D:6      | Reached skill level 5 in Invocations
  5516 | D:6      | Reached skill level 1 in Shields
  5741 | D:6      | Noticed Menkaure
  5748 | D:6      | Killed Menkaure
  5830 | D:6      | Reached skill level 4 in Fighting
  5901 | D:6      | Reached XP level 9. HP: 57/62 MP: 0/0
  5901 | D:6      | Learned a level 3 spell: Gell's Gravitas
  5920 | D:6      | Reached **** piety under Nemelex Xobeh
  5952 | D:6      | Found Oshacet's Jewellery Emporium.
  6171 | D:7      | Received a gift from Nemelex Xobeh
  6208 | D:6      | Reached skill level 5 in Fighting
  6525 | D:7      | Reached skill level 6 in Fighting
  6875 | D:7      | Reached skill level 7 in Fighting
  6998 | D:7      | Found an opulent altar of Gozag.
  6998 | D:7      | Found Gozag's Platinum Reserve.
  7244 | D:7      | Found a blossoming altar of Fedhas.
  7558 | D:8      | Reached skill level 8 in Fighting
  7573 | D:8      | Reached XP level 10. HP: 47/77 MP: 0/0
  7589 | D:8      | Reached skill level 9 in Fighting
  8042 | D:8      | Reached skill level 10 in Fighting
  8975 | D:8      | Reached skill level 5 in Spellcasting
  9243 | D:8      | Reached skill level 1 in Polearms
  9509 | D:8      | Found an iron altar of Okawaru.
  9728 | D:8      | Found a glowing silver altar of Zin.
 10059 | D:9      | Reached XP level 11. HP: 51/86 MP: 0/0
 10059 | D:9      | Learned a level 4 spell: Anguish
 10410 | D:9      | Found a white marble altar of Elyvilon.
 10448 | D:9      | Noticed a two-headed ogre
 10464 | D:9      | Killed a two-headed ogre
 10465 | D:9      | Reached skill level 5 in Polearms
 10839 | D:9      | Received a gift from Nemelex Xobeh
 11071 | D:9      | Found a shimmering altar of Xom.
 11278 | D:10     | Entered Level 10 of the Dungeon
 11350 | D:10     | Noticed a two-headed ogre
 11374 | D:10     | Killed a two-headed ogre
 12476 | D:10     | Noticed a wizard
 12485 | D:10     | Killed a wizard
 12772 | D:11     | Reached XP level 12. HP: 45/93 MP: 0/0
 12879 | D:11     | Noticed a two-headed ogre
 12890 | D:11     | Killed a two-headed ogre
 13157 | D:11     | Received a gift from Nemelex Xobeh
 13290 | D:11     | Found Litovoej's Magic Scroll Emporium.
 13584 | D:11     | Found a staircase to the Lair.
 14055 | D:11     | Noticed an ice dragon
 14266 | D:11     | Killed from afar by an ice dragon

Illustrated notes

Levels and vault maps discovered:
D:1:      dpeg_arrival_arbitrary_b, layout_basic, basic_ecumenical_altar
D:2:      layout_loops_cross, serial_shops, nicolae_shop_hallway_stairs,
          minmay_diced_spiral
D:3:      layout_loops_ring, nzn_wu_jian_council_hall,
          grunt_temple_overflow_open, mainiacjoe_overflow_chevrons,
          mainiacjoe_overflow_catwalk, serial_shops, nicolae_square_shop
D:4:      layout_layer_cave, mainiacjoe_overflow_24_doors, corexii_shack
D:5:      layout_basic, marbit_many_paths, minmay_temple_entry_sparse_star
D:6:      layout_cave_pods, serial_shops, shop, nicolae_kite_square_tiling_tiny,
          kennysheep_small_square, uniq_menkaure
D:7:      layout_rooms, lemuel_coloured_pillars_altar,
          nicolae_gozag_zags_fifth_avenue
D:8:      minmay_the_grid_square_5x5_3x3 [minmay_the_grid_square_5x5_six,
          minmay_the_grid_square_5x5_bite, minmay_the_grid_square_5x5_dogpile,
          minmay_the_grid_square_5x5_detours,
          minmay_the_grid_square_5x5_megaprize_hollow,
          minmay_the_grid_square_5x5_n_small, minmay_the_grid_square_5x5_inset,
          minmay_the_grid_square_5x5_eight,
          minmay_the_grid_square_5x5_inverted_slash], layout_basic,
          general_overflow_altar, gammafunk_temple_overflow_elements,
          mainiacjoe_overflow_tiny_flanked
D:9:      layout_layer_cave, lemuel_crystal_altar, overflow_temple_1_default,
          tgw_kikubaaqudgha, minmay_lizard_king
D:10:     layout_roguey, minmay_librarian
D:11:     layout_basic, portal_ice_cave_entry_animals_and_master, serial_shops,
          shop_scrolls

Skill      XL: |  1  2  3  4  5  6  7  8  9 10 11 12 |
---------------+-------------------------------------+-----
Spellcasting   | 3 4 6 |  6.0
Axes           | 1 2 |  2.8
Fighting       | 1 2 3 4 8 10 | 10.9
Invocations    | 1 4 5 |  5.0
Shields        | 4 |  4.0
Polearms       | 2 8 9 |  9.8
Dodging        | |  2.2
Stealth        | |  1.6

Action                   |  1- 3 |  4- 6 |  7- 9 | 10-12 || total
-------------------------+-------+-------+-------+-------++-------
Melee: Unarmed           |     2 |       |       |       ||     2
       Spear             |    19 |       |       |       ||    19
       Hand axe          |     2 |     9 |    23 |    11 ||    45
 Cast: Foxfire           |    58 |    18 |    52 |    36 ||   164
       Shock             |     2 |   114 |    15 |   150 ||   281
       Scorch            |       |    29 |    65 |   114 ||   208
       Call Imp          |       |    10 |    20 |    18 ||    48
       Kindle Blastspark |       |     1 |    10 |    33 ||    44
       Flame Wave        |       |     1 |       |    12 ||    13
       Inner Flame       |       |       |       |    22 ||    22
       Anguish           |       |       |       |     3 ||     3
       Gell's Gravitas   |       |       |       |     1 ||     1
Evoke: Wand              |       |       |       |     3 ||     3
  Use: Scroll            |       |     8 |     2 |     6 ||    16
       Potion            |       |     1 |     1 |     1 ||     3
 Stab: Sleeping          |       |       |     1 |       ||     1
Armor: Robe              |     7 |     5 |     9 |     3 ||    24
Dodge: Dodged            |    10 |    18 |    35 |    54 ||   117
Block: Buckler           |       |       |    15 |    36 ||    51

Table legend: (Time is in decaauts)
 A = Elapsed time spent in this place.
 B = Non-inter-level travel time spent in this place.
 C = Inter-level travel time spent in this place.
 D = Time resting spent in this place.
 E = Time spent auto-exploring this place.
 F = Levels seen in this place.
 G = Mean time per level.
                   A        B        C        D        E       F      G
               +--------+--------+--------+--------+--------+-----+--------+
         Total |  14273 |  13813 |    460 |   1944 |  10124 |  11 | 1297.5 |
       Dungeon |  14273 |  13813 |    460 |   1944 |  10124 |  11 | 1297.5 |
               +--------+--------+--------+--------+--------+-----+--------+

Top non-repeatable levels by time:
     D:8: 2017 daAuts
    D:11: 1549 daAuts
     D:7: 1473 daAuts
    D:10: 1437 daAuts
     D:9: 1388 daAuts
     D:4: 1348 daAuts
     D:6: 1330 daAuts
     D:2: 1076 daAuts
     D:3: 1046 daAuts
     D:1: 902 daAuts
     D:5: 701 daAuts
